 Dungeon Crawl Stone Soup version 0.31-a0-986-g5e6e4ef867 (webtiles) character file.

Game seed: 2983083543295143559

485 Iich the Trooper (level 6, -6/51 HPs)
             Began as a Demonspawn Fighter on Nov 23, 2023.
             Mangled by an ogre
             ... wielding a +0 giant spiked club
              (18 damage)
             ... on level 5 of the Dungeon.
             The game lasted 00:07:10 (3934 turns).

Iich the Trooper (Demonspawn Fighter)               Turns: 3934, Time: 00:07:10

Health: -6/51      AC: 10    Str: 17 (18) XL:     6   Next: 88%
Magic:  6/6        EV:  8    Int:  8 (9)  God:
Gold:   27         SH:  4    Dex: 13      Spells: 5/5 levels left

rFire   . . .        a - +0 war axe
rCold   + . .        c - +0 buckler
rNeg    . . .        v - +1 chain mail
rPois   +            k - melded +0 helmet
rElec   .            (cloak currently unavailable)
rCorr   .            (gloves currently unavailable)
SInv    .            (boots currently unavailable)
Will    .....        g - amulet of regeneration Stlth
                     P - ring of poison resistance
HPRegen 1.08/turn    I - ring of protection from cold
MPRegen 0.10/turn

%: no passive effects
@: mighty, beast-form
A: beast (slay +0), powered by pain 1, sharp scales 1
a: Begin Untransformation


You were on level 5 of the Dungeon.
You were a hulking beast.
You visited 1 branch of the dungeon, and saw 5 of its levels.

You collected 293 gold pieces.
You spent 266 gold pieces at shops.

Inventory:

Hand Weapons
 a - a +0 war axe (weapon)
Armour
 c - a +0 buckler (worn)
 k - a +0 helmet (melded)
 v - a +1 chain mail (worn)
 A - a +0 pair of boots
Jewellery
 g - an amulet of regeneration (around neck)
 I - a ring of protection from cold (right hand)
 P - a ring of poison resistance (left hand)
Talismans
 j - a beast talisman (active)
Wands
 b - a wand of iceblast (2)
Scrolls
 e - a scroll of torment
 m - a scroll of poison
 o - a scroll of fog
 p - a scroll of amnesia {unknown}
 s - a scroll of vulnerability {unknown}
 t - a scroll of noise
 x - a scroll of enchant weapon {unknown}
 y - a scroll of brand weapon {unknown}
 z - a scroll of enchant armour
 B - a scroll of blinking
Potions
 d - a potion of might
 f - a potion of cancellation {unknown}
 h - a potion of berserk rage {unknown}
 i - 2 potions of lignification {unknown}
 l - a potion of curing {unknown}
 n - a potion of resistance
 q - a potion of magic {unknown}
 r - a potion of brilliance {unknown}
 u - 3 potions of attraction {unknown}
 w - a potion of invisibility {unknown}


   Skills:
 + Level 5.0 Fighting
 + Level 4.0 Axes
 - Level 2.6 Armour
 + Level 3.3 Dodging
 - Level 2.6 Shields
 + Level 1.1 Shapeshifting


You had 5 spell levels left.
You didn't know any spells.
Your spell library contained the following spells:

 Spells                   Type           Power      Damage    Failure   Level
 Inner Flame              Hex/Fire       0%         N/A       100%        3
 Tukima's Dance           Hex            0%         N/A       100%        3
 Volatile Blastmotes      Fire/Tloc      0%         2d10      100%        3
 Dimensional Bullseye     Hex/Tloc       0%         N/A       100%        4
 Iskenderun's Mystic Bla  Conj/Tloc      0%         2d3       100%        4
 Summon Ice Beast         Ice/Summ       0%         N/A       100%        4


Dungeon Overview and Level Annotations

Branches:
Dungeon (5/15)
 Temple: D:4-7

Altars:
Dithmenos
Fedhas
Hepliaklqana
Ru

Shops:
D:3 [*[:


Innate Abilities, Weirdness & Mutations

You are a hulking beast.
Your limbs bulge with bestial killing power. (Slay +0)
You sometimes gain a little power by taking damage.
You are partially covered in razor-sharp scales. (AC +1, Slay +1)


Message History

Done exploring.
What level of the Dungeon? (default 3, ? - help)
There is an open door here.
There is an open door here.
There is an open door here.
There is a stone staircase leading down here.
You climb downwards.
There is a stone staircase leading up here.
There is an open door here.
There is a stone staircase leading down here.
You climb downwards.
There is a stone staircase leading up here.
You see here a +0 battleaxe.
Found a stone staircase leading down.
An ogre comes into view. It is wielding a +0 giant spiked club.
The ogre moves out of view.
You block the ogre's attack.
You hit the ogre.
The ogre is lightly wounded.
The ogre hits you with a +0 giant spiked club!
You take 10 damage, and have 41/51 hp.
You barely miss the ogre.
The ogre is lightly wounded.
You slash the ogre!
The ogre is heavily wounded.
The ogre hits you with a +0 giant spiked club!
* * * LOW HITPOINT WARNING * * *
You focus on the pain.
You feel very mighty all of a sudden.
You take 14 damage, and have 28/51 hp. !!!!--MASSIVE DAMAGE--!!!!
You barely miss the ogre.
The ogre is heavily wounded.
The ogre hits you with a +0 giant spiked club!!
* * * LOW HITPOINT WARNING * * *
You take 17 damage, and have 11/51 hp. !!!!--MASSIVE DAMAGE--!!!!
Unknown command.
You slash the ogre!
The ogre is severely wounded.
The ogre hits you with a +0 giant spiked club!!
You die...

#......... .......
###....... .......
####.... ....... ###..
....... ### ### .......
##.##### # .......
#......####
.......#######.........#
......Oh................
........................
.....########...........
.... #........... ...
#........... ##
#...........
##.......... ##.........
##........


You could see an ogre.

Vanquished Creatures
  An ogre (D:4)
  A bullfrog (D:3)
  2 hounds
  2 orc priests
  Jessica (D:2)
  An orc wizard (D:4)
  Robin (D:1)
  3 adders
  2 ufetubi (D:5)
  3 worms
  3 dart slugs
  14 orcs
  A bat skeleton (D:2)
  A bat zombie (D:2)
  12 endoplasms
  3 giant cockroaches
  14 goblins
  5 hobgoblins
  6 jackals (D:1)
  2 kobolds (D:1)
  3 quokkas
  5 ball pythons
  A ball python skeleton (D:2)
  5 bats
  2 frilled lizards
  A jackal zombie (D:2)
  4 rats
  A spectral goblin (D:1)
  A butterfly (D:2)
101 creatures vanquished.

Notes
Turn   | Place    | Note
-------+----------+-------------------------------------------
     0 | D:1      | Iich the Demonspawn Fighter began the quest for the Orb.
     0 | D:1      | Reached XP level 1. HP: 18/18 MP: 1/1
    64 | D:1      | Gained mutation: You are partially covered in razor-sharp
                  | scales. (AC +1, Slay +1) [demonic ancestry]
    64 | D:1      | Reached XP level 2. HP: 9/24 MP: 2/2
   348 | D:1      | Reached skill level 1 in Dodging
   471 | D:1      | Gained mutation: You sometimes gain a little power by
                  | taking damage. [demonic ancestry]
   471 | D:1      | Reached XP level 3. HP: 26/29 MP: 3/3
   744 | D:1      | Found a faded altar of an unknown god.
   923 | D:2      | Noticed Robin
  1170 | D:1      | Killed Robin
  1171 | D:1      | Reached XP level 4. HP: 36/37 MP: 4/4
  1201 | D:2      | Noticed Jessica
  1221 | D:2      | Killed Jessica
  1466 | D:2      | Reached skill level 4 in Fighting
  1995 | D:3      | Found Rimantue's Antique Armour Shop.
  2039 | D:3      | Noticed a bullfrog
  2041 | D:3      | Killed a bullfrog
  2042 | D:3      | Reached XP level 5. HP: 40/42 MP: 5/5
  2105 | D:3      | Found Duinaf's Book Shoppe.
  2297 | D:3      | Found Rocaecix's Antique Armour Emporium.
  2541 | D:3      | Found Linuituh's General Store.
  2642 | D:4      | Reached XP level 6. HP: 49/49 MP: 6/6
  2678 | D:4      | Found a blossoming altar of Fedhas.
  2816 | D:4      | Found a shadowy altar of Dithmenos.
  2911 | D:4      | HP: 1/49 [ogre/+0 giant club (24)]
  2991 | D:4      | Found a sacrificial altar of Ru.
  3242 | D:5      | Identified the of Vyxaze
  3242 | D:5      | Entered Level 5 of the Dungeon
  3272 | D:5      | Reached skill level 1 in Shapeshifting
  3322 | D:5      | Reached skill level 5 in Fighting
  3501 | D:5      | Found a hazy altar of Hepliaklqana.
  3757 | D:3      | Bought a blackened cloak for 266 gold pieces
  3757 | D:3      | Identified the +0 cloak of Disaster {Harm Fly Regen+
                  | Slay-5} (You bought it in a shop on level 3 of the Dungeon)
  3934 | D:5      | Mangled by an ogre

Illustrated notes

Levels and vault maps discovered:
D:1:      dpeg_arrival_windows_large_door, layout_basic,
          dreamdust_ecumenical_altar_drowned_temple
D:2:      layout_basic, serial_undead, serial_undead_b, serial_undead_e,
          serial_undead_d, serial_undead_c, hangedman_glass_garden,
          uniq_jessica, uniq_robin
D:3:      layout_loops_corners, serial_shops, shop, nicolae_shop_trees,
          nicolae_shop_peninsula, nicolae_shop_real_fake_doors,
          serial_bayou_pond_c
D:4:      layout_gridville, amcnicky_altar_gilded, nicolae_ru_awakened_eye,
          fedhas_altar_2, serial_glass, glass_columns_a, glass_columns_c,
          due_unseen_surprise
D:5:      layout_cave_pods, nzn_hepliaklqana_mist_gate, uniq_edmund

Skill      XL: |  1  2  3  4  5  6 |
---------------+-------------------+-----
Axes           | 2 3 4 |  4.0
Dodging        | 1 2 3 |  3.3
Fighting       | 4 5 |  5.0
Shapeshifting  | 1 |  1.1
Armour         | |  2.6
Shields        | |  2.6

Action                     |  1- 3 |  4- 6 || total
---------------------------+-------+-------++-------
  Melee: War axe           |   109 |   162 ||   271
    Use: Potion            |     1 |     1 ||     2
         Scroll            |       |     6 ||     6
 Armour: Scale mail        |   119 |    67 ||   186
         Chain mail        |       |    69 ||    69
  Dodge: Dodged            |    64 |    65 ||   129
  Block: Buckler           |    32 |    35 ||    67
   Form: Beast             |       |     1 ||     1

Table legend: (Time is in decaauts)
 A = Elapsed time spent in this place.
 B = Non-inter-level travel time spent in this place.
 C = Inter-level travel time spent in this place.
 D = Time resting spent in this place.
 E = Time spent auto-exploring this place.
 F = Levels seen in this place.
 G = Mean time per level.
                   A        B        C        D        E       F      G
               +--------+--------+--------+--------+--------+-----+--------+
         Total |   4067 |   3812 |    255 |    208 |   2877 |   5 |  813.4 |
       Dungeon |   4067 |   3812 |    255 |    208 |   2877 |   5 |  813.4 |
               +--------+--------+--------+--------+--------+-----+--------+

Top non-repeatable levels by time:
     D:1: 1221 daAuts
     D:3: 931 daAuts
     D:4: 684 daAuts
     D:2: 635 daAuts
     D:5: 594 daAuts
